 Dungeon Crawl Stone Soup version 0.21-a0-538-gd16b88a (webtiles) character file.

178 tidbits the Digger (level 5, -1/37 HPs)
             Began as a Gnoll Earth Elementalist on Dec 15, 2017.
             Slain by an orc
             ... wielding a +0 mace
              (6 damage)
             ... on level 4 of the Dungeon.
             The game lasted 00:04:49 (644 turns).

tidbits the Digger (Gnoll Earth Elementalist)        Turns: 644, Time: 00:04:50

Health: -1/37      AC:  2    Str: 10    XL:     5   Next: 58%
Magic:  6/12       EV: 15    Int: 18    God:
Gold:   52         SH:  0    Dex: 16    Spells: 11/14 levels left

rFire    . . .     SeeInvis .   f - +1 short sword (holy)
rCold    . . .     Gourm    .   (no shield)
rNeg     . . .     Faith    +   c - +0 robe
rPois    .         Spirit   .   (no helmet)
rElec    .         Reflect  .   (no cloak)
rCorr    .         Harm     .   (no gloves)
MR       .....                  (no boots)
Stlth    +++.......             a - amulet of faith
HPRegen  0.12/turn              (no ring)
MPRegen  0.13/turn              (no ring)

@: no status effects
A: distributed training, fangs 1, strong nose
a: no special abilities


You were on level 4 of the Dungeon.
You were not hungry.

You visited 1 branch of the dungeon, and saw 5 of its levels.

You collected 52 gold pieces.

Inventory:

Hand Weapons
 f - a +1 short sword of holy wrath (weapon)
   (You found it on level 1 of the Dungeon)
 n - a +0 war axe
Armour
 c - a +0 robe (worn)
 h - a +0 ring mail
Jewellery
 a - an amulet of faith (around neck)
   (You found it on level 1 of the Dungeon)
Scrolls
 j - a scroll of identify
 l - a scroll of enchant weapon
 r - 2 scrolls of remove curse
Books
 e - a book of Geomancy

   Spells                             Type                      Level
   a - Sandblast                      Earth                        1
   b - Passwall                       Transmutation/Earth          2
   c - Stone Arrow                    Conjuration/Earth            3
   d - Petrify                        Transmutation/Earth          4
   e - Lee's Rapid Deconstruction     Earth                        5
Comestibles
 d - a bread ration
 i - a meat ration
 k - 3 royal jellies
 m - a fruit


   Skills:
 + Level 1.5 Fighting
 + Level 1.5 Short Blades
 + Level 1.5 Long Blades
 + Level 1.5 Axes
 + Level 1.5 Maces & Flails
 + Level 1.5 Polearms
 + Level 1.5 Staves
 + Level 1.5 Slings
 + Level 1.5 Bows
 + Level 1.5 Crossbows
 + Level 1.5 Throwing
 + Level 1.5 Armour
 + Level 4.8 Dodging
 + Level 4.4 Stealth
 + Level 1.5 Shields
 + Level 1.5 Unarmed Combat
 + Level 5.2 Spellcasting
 + Level 1.2 Conjurations
 + Level 1.2 Hexes
 + Level 1.2 Charms
 + Level 1.2 Summonings
 + Level 1.2 Necromancy
 + Level 1.2 Translocations
 + Level 2.4 Transmutations
 + Level 1.2 Fire Magic
 + Level 1.2 Ice Magic
 + Level 1.2 Air Magic
 + Level 5.5 Earth Magic
 + Level 1.2 Poison Magic
 + Level 1.7 Invocations
 + Level 1.5 Evocations


You had 11 spell levels left.
You knew the following spells:

 Your Spells              Type           Power        Failure   Level  Hunger
a - Sandblast             Erth           ###...       1%          1    None
w - Passwall              Tmut/Erth      ###.......   3%          2    #......


Dungeon Overview and Level Annotations

Branches:
Dungeon (5/15)
 Temple: D:4-7

Altars:


Innate Abilities, Weirdness & Mutations

Your experience applies equally to all skills.
You have very sharp teeth.
Your uncanny sense of smell can sniff out nearby items.


Message History

Casting: Sandblast
Confirm with . or Enter, or press ? or * to list all spells.
Aiming: Sandblast
Press: ? - help, Shift-Dir - straight line, f - orc
Aim: an orc, wielding a club and wearing a ring mail The blast of sand hits the orc.
b - 5 stones The orc hits you with a club.
* * * LOW HITPOINT WARNING * * *
Casting: Sandblast
Confirm with . or Enter, or press ? or * to list all spells.
Aiming: Sandblast
Press: ? - help, Shift-Dir - straight line, f/p - orc
Aim: an orc, wielding a club and wearing a ring mail The blast of sand hits the orc.
You kill the orc!
b - 4 stones A ball python comes into view.
Casting: Sandblast
Confirm with . or Enter, or press ? or * to list all spells.
Aiming: Sandblast
Press: ? - help, Shift-Dir - straight line, f - orc priest
Aim: an orc priest, wielding a short sword and wearing a ring mail The blast of sand hits the orc priest.
The orc priest is almost dead.
b - 3 stones The ball python hisses angrily.
The orc priest mumbles some strange prayers to Beogh against you.
You barely resist.
An orc comes into view. It is wielding a mace.
Casting: Sandblast
Confirm with . or Enter, or press ? or * to list all spells.
Aiming: Sandblast
Press: ? - help, Shift-Dir - straight line, f/p - orc priest
Aim: an orc priest, wielding a short sword and wearing a ring mail (almost dead)
The blast of sand hits the orc priest.
You kill the orc priest!
b - 2 stones The orc shouts!
You hear a shout!
Casting: Sandblast
Confirm with . or Enter, or press ? or * to list all spells.
Aiming: Sandblast
Press: ? - help, Shift-Dir - straight line, f - orc priest
Aim: an orc priest, wielding a club The blast of sand hits the orc priest.
The orc priest is severely wounded.
b - a stone
Casting: Sandblast
Confirm with . or Enter, or press ? or * to list all spells.
Aiming: Sandblast
Press: ? - help, Shift-Dir - straight line, f/p - orc priest
Aim: an orc priest, wielding a club (severely wounded)
The blast of sand hits the orc priest.
You kill the orc priest!
You now have no stones remaining.
The ball python bites you but does no damage.
The ball python closely misses you.
Casting: Sandblast
Confirm with . or Enter, or press ? or * to list all spells.
Aiming: Sandblast
Press: ? - help, Shift-Dir - straight line, f - ball python
Aim: a ball python You don't have any stones to cast with.
Unknown command.
You hit the ball python.
The ball python is severely wounded.
The ball python bites you but does no damage.
The ball python grabs you.
* * * LOW HITPOINT WARNING * * *
The ball python constricts you.
Okay, then.
You feel much better.
The ball python bites you but does no damage.
The ball python constricts you. The orc hits you with a mace!
You barely miss the ball python.
The ball python is severely wounded.
The ball python bites you. The ball python constricts you.
The orc hits you with a mace.
* * * LOW HITPOINT WARNING * * *
You puncture the ball python!
You kill the ball python!
The orc priest hits you with a short sword.
* * * LOW HITPOINT WARNING * * *
The orc completely misses you.
You hit the orc priest but do no damage.
The orc priest barely misses you.
Okay, then.
Unknown command.
You closely miss the orc priest. The orc hits you with a mace.
* * * LOW HITPOINT WARNING * * *
The orc priest barely misses you.
You hit the orc priest but do no damage.
You bite the orc priest, but do no damage.
The orc barely misses you.
The orc priest hits you with a short sword.
* * * LOW HITPOINT WARNING * * *
You hit the orc priest.
The orc priest is lightly wounded.
The orc priest misses you. The orc hits you with a mace.
You die...

#.....###'###.#.....# #.
#.............#.....#
#..########......'.....#
#..##....##..#####.....#
#........##..###....####
#..............#....#...
#..............+....'...
#..............#....#...
#......@)......#.....#.#
#...?.o†o......#........
#....))..#######....##.#
#........# .....##..#
#......>.# ......#.#.+
#........# ......#...#
#........# .... # #.#
#........# ... #.#


You could see an orc priest and an orc.

Vanquished Creatures
  3 orc priests (D:4)
  A hound (D:4)
  A howler monkey skeleton (D:4)
  3 adders
  4 orcs (D:4)
  A ball python (D:4)
  5 goblins
  2 hobgoblins (D:1)
  A quokka (D:4)
  2 bats (D:1)
  3 frilled lizards (D:1)
  2 kobolds
28 creatures vanquished.

Notes
Turn   | Place    | Note
-------+----------+-------------------------------------------
     0 | D:1      | tidbits the Gnoll Earth Elementalist began the quest for the Orb.
     0 | D:1      | Reached XP level 1. HP: 13/13 MP: 6/6
   104 | D:1      | Reached skill level 2 in Transmutations
   129 | D:1      | Reached XP level 2. HP: 13/19 MP: 5/7
   133 | D:1      | Learned a level 2 spell: Passwall
   346 | D:4      | Reached skill level 5 in Spellcasting
   346 | D:4      | Reached skill level 1 in Invocations
   346 | D:4      | Reached XP level 3. HP: 25/25 MP: 3/9
   362 | D:5      | Entered Level 5 of the Dungeon
   405 | D:4      | Reached skill level 1 in Fighting
   405 | D:4      | Reached skill level 1 in Short Blades
   405 | D:4      | Reached skill level 1 in Long Blades
   405 | D:4      | Reached skill level 1 in Axes
   405 | D:4      | Reached skill level 1 in Maces & Flails
   405 | D:4      | Reached skill level 1 in Polearms
   405 | D:4      | Reached skill level 1 in Staves
   405 | D:4      | Reached skill level 1 in Slings
   405 | D:4      | Reached skill level 1 in Bows
   405 | D:4      | Reached skill level 1 in Crossbows
   405 | D:4      | Reached skill level 1 in Throwing
   405 | D:4      | Reached skill level 1 in Armour
   405 | D:4      | Reached skill level 1 in Shields
   405 | D:4      | Reached skill level 1 in Unarmed Combat
   405 | D:4      | Reached skill level 1 in Evocations
   425 | D:4      | Reached XP level 4. HP: 32/32 MP: 3/11
   500 | D:4      | Reached skill level 1 in Conjurations
   500 | D:4      | Reached skill level 1 in Hexes
   500 | D:4      | Reached skill level 1 in Charms
   500 | D:4      | Reached skill level 1 in Summonings
   500 | D:4      | Reached skill level 1 in Necromancy
   500 | D:4      | Reached skill level 1 in Translocations
   500 | D:4      | Reached skill level 1 in Fire Magic
   500 | D:4      | Reached skill level 1 in Ice Magic
   500 | D:4      | Reached skill level 1 in Air Magic
   500 | D:4      | Reached skill level 1 in Poison Magic
   623 | D:4      | Reached XP level 5. HP: 26/37 MP: 9/12
   644 | D:4      | Slain by an orc

Vault maps used:
D:1:      minmay_arrival_doors
D:2:      minmay_diamond_boxcup, nemelex_spade_bored_becter
D:3:      kiku_gazebo_pond_becter, first_bread,
          nicolae_qazlal_style_of_elements, uniq_terence, uniq_jessica
D:4:      temple_statues, minmay_misc_feat_doors
D:5:      old_standard_altar, serial_shops, shop, st_stairs_7,
          kennysheep_generic_room_4

Skill      XL: |  1  2  3  4 |
---------------+-------------+-----
Transmutations | 2 |  2.4
Spellcasting   | 5 |  5.2
Invocations    | 1 |  1.7
Fighting       | 1 |  1.5
Short Blades   | 1 |  1.5
Long Blades    | 1 |  1.5
Axes           | 1 |  1.5
Maces & Flails | 1 |  1.5
Polearms       | 1 |  1.5
Staves         | 1 |  1.5
Slings         | 1 |  1.5
Bows           | 1 |  1.5
Crossbows      | 1 |  1.5
Throwing       | 1 |  1.5
Armour         | 1 |  1.5
Shields        | 1 |  1.5
Unarmed Combat | 1 |  1.5
Evocations     | 1 |  1.5
Conjurations   | 1 |  1.2
Hexes          | 1 |  1.2
Charms         | 1 |  1.2
Summonings     | 1 |  1.2
Necromancy     | 1 |  1.2
Translocations | 1 |  1.2
Fire Magic     | 1 |  1.2
Ice Magic      | 1 |  1.2
Air Magic      | 1 |  1.2
Poison Magic   | 1 |  1.2
Dodging        | |  4.8
Stealth        | |  4.4
Earth Magic    | |  5.5

Action                   |  1- 3 |  4- 6 || total
-------------------------+-------+-------++-------
Melee: Short sword       |     6 |    14 ||    20
       Bite              |       |     3 ||     3
 Cast: Sandblast         |    20 |    20 ||    40
       Passwall          |     5 |     2 ||     7
  Use: Scroll            |     3 |       ||     3
       Potion            |       |     1 ||     1
 Stab: Sleeping          |     2 |       ||     2
  Eat: Royal jelly       |     1 |       ||     1
Armor: Robe              |       |     4 ||     4
Dodge: Dodged            |     5 |    21 ||    26

Table legend:
 A = Spawn XP
 B = Non-spawn XP
 C = Spawn XP percentage of total XP
 D = Spawn monster count
 E = Non-spawn monster count
 F = Spawn count percentage of total count
 G = Total turns spent on level
                    A         B        C        D         E        F      G
               +---------+---------+-------+---------+---------+-------+---------
         Total |       0 |     255 |   0.0 |       0 |      28 |   0.0 |   644
               +---------+---------+-------+---------+---------+-------+---------
           D:1 |       0 |      17 |   0.0 |       0 |      12 |   0.0 |   245
           D:3 |       0 |      17 |   0.0 |       0 |       3 |   0.0 |    80
           D:4 |       0 |     221 |   0.0 |       0 |      13 |   0.0 |   258
               +---------+---------+-------+---------+---------+-------+---------

Table legend:
 A = Turns spent in this place as a percentage of turns spent in the entire game.
 B = Non-inter-level travel turns spent in this place as a percentage of non-inter-level travel turns spent in the entire game.
 C = Inter-level travel turns spent in this place as a percentage of turns spent in this place.
 D = Turns resting spent in this place as a percentage of non-inter-level travel turns spent in this place.
 E = Turns spent auto-exploring this place as a percentage of non-inter-level travel turns spent in this place.
 F = Non-inter-level travel turns spent in this place divided by the number of levels of this place that you've seen.
                   A       B       C       D       E      F
               +-------+-------+-------+-------+-------+----------------------
         Total | 100.0 | 100.0 |   2.3 |   0.0 |   0.0 | 125.8
       Dungeon | 100.0 | 100.0 |   2.3 |   0.0 |   0.0 | 125.8
               +-------+-------+-------+-------+-------+----------------------

Table legend:
 A = Kills in this place as a percentage of kills in entire the game.
 B = Kills by you in this place as a percentage of kills by you in the entire game.
 C = Kills by friends in this place as a percentage of kills by friends in the entire game.
 D = Other kills in this place as a percentage of other kills in the entire game.
 E = Experience gained in this place as a percentage of experience gained in the entire game.
 F = Experience gained in this place divided by the number of levels of this place that you have seen.
                   A       B       C       D       E      F
               +-------+-------+-------+-------+-------+----------------------
         Total | 100.0 | 100.0 |   N/A |   N/A | 100.0 |  51.0
       Dungeon | 100.0 | 100.0 |   N/A |   N/A | 100.0 |  51.0
               +-------+-------+-------+-------+-------+----------------------

Vault maps used:
D:1:      minmay_arrival_doors
D:2:      minmay_diamond_boxcup, nemelex_spade_bored_becter
D:3:      kiku_gazebo_pond_becter, first_bread,
          nicolae_qazlal_style_of_elements, uniq_terence, uniq_jessica
D:4:      temple_statues, minmay_misc_feat_doors
D:5:      old_standard_altar, serial_shops, shop, st_stairs_7,
          kennysheep_generic_room_4
